 Dungeon Crawl Stone Soup version 0.30-a0-772-g5528072125 (webtiles) character file.

Game seed: 209865355177443618

122 Twinkles the Vexing (level 5, -1/40 HPs)
             Began as a Gnoll Hexslinger on Feb 12, 2023.
             Slain by a crimson imp (3 damage)
             ... summoned by Natasha
             ... on level 2 of the Dungeon on Feb 13, 2023.
             The game lasted 00:03:35 (1299 turns).

Twinkles the Vexing (Gnoll Hexslinger)              Turns: 1299, Time: 00:03:35

Health: -1/40      AC:  2    Str:  9    XL:     5   Next: 6%
Magic:  9/9        EV: 14    Int: 13    God:
Gold:   90         SH:  0    Dex: 14    Spells: 9/10 levels left

rFire   . . .      SeeInvis .    a - +1 sling
rCold   + . .      Faith    .    (no shield)
rNeg    . . .      Spirit   .    c - +0 robe
rPois   .          Reflect  .    (no helmet)
rElec   .          Harm     .    (no cloak)
rCorr   .          Rampage  .    (no gloves)
Will    .....                    (no boots)
Stlth   ++                       (no amulet)
HPRegen 0.26/turn                l - ring of protection from cold
MPRegen 0.11/turn                (no ring)

@: slowed, very slow
A: fangs 1, strong nose, distributed training
a: no special abilities


You were on level 2 of the Dungeon.
You visited 1 branch of the dungeon, and saw 2 of its levels.

You collected 90 gold pieces.

Inventory:

Hand Weapons
 a - a +1 sling (weapon)
Armour
 c - a +0 robe (worn)
Jewellery
 l - a ring of protection from cold (left hand)
Scrolls
 b - 2 scrolls of poison
 d - a scroll of immolation {unknown}
 f - 2 scrolls of enchant weapon {unknown}
 g - a scroll of identify {unknown}
 h - a scroll of enchant armour {unknown}
Potions
 e - a potion of curing {unknown}
 i - a potion of might {unknown}
 j - a potion of resistance {unknown}
 k - 2 potions of magic {unknown}


   Skills:
 + Level 2.9 Fighting
 + Level 1.4 Short Blades
 + Level 1.4 Long Blades
 + Level 1.4 Axes
 + Level 1.4 Maces & Flails
 + Level 1.4 Polearms
 + Level 1.4 Staves
 + Level 4.7 Ranged Weapons
 + Level 1.4 Throwing
 + Level 1.4 Armour
 + Level 4.7 Dodging
 + Level 1.4 Stealth
 + Level 1.4 Shields
 + Level 1.4 Unarmed Combat
 + Level 3.1 Spellcasting
 + Level 1.1 Conjurations
 + Level 5.5 Hexes
 + Level 1.1 Summonings
 + Level 1.1 Necromancy
 + Level 1.1 Translocations
 + Level 1.1 Transmutations
 + Level 1.1 Fire Magic
 + Level 1.1 Ice Magic
 + Level 1.1 Air Magic
 + Level 1.1 Earth Magic
 + Level 1.1 Poison Magic
 + Level 1.5 Invocations
 + Level 1.4 Evocations


You had 9 spell levels left.
You knew the following spells:

 Your Spells              Type           Power      Damage    Failure   Level
a - Slow                  Hex            64%        N/A       2%          1

Your spell library contained the following spells:

 Spells                   Type           Power      Damage    Failure   Level
 Inner Flame              Hex/Fire       10%        N/A       17%         3
 Portal Projectile        Hex/Tloc       20%        N/A       17%         3
 Cause Fear               Hex            8%         N/A       24%         4


Dungeon Overview and Level Annotations

Branches:
Dungeon (2/15) Zot: 10654

Altars:

Annotations:
D:2 Natasha


Innate Abilities, Weirdness & Mutations

You have very sharp teeth.
Your uncanny sense of smell can sniff out nearby items.
Your experience applies equally to all skills.


Message History

Press: ? - help, Q - select action, (/) - cycle Shift-Dir - straight line, f/p - Natasha
Aim: Natasha (moderately wounded, 53% to hit)
You shoot a sling bullet.
The sling bullet closely misses Natasha.
Natasha barely misses you.
Natasha howls an incantation.
You feel disoriented. Natasha closely misses you.
Fire: a) +1 sling
Press: ? - help, Q - select action, (/) - cycle Shift-Dir - straight line, f/p - Natasha
Aim: Natasha (moderately wounded, 53% to hit)
You shoot a sling bullet. The sling bullet barely misses Natasha.
Natasha mumbles some strange words.
Fire: a) +1 sling
Press: ? - help, Q - select action, (/) - cycle Shift-Dir - straight line, f/p - Natasha
Aim: Natasha (moderately wounded, 53% to hit)
You shoot a sling bullet. The sling bullet hits Natasha.
Natasha is severely wounded.
Natasha mumbles some strange words.
The crimson imp barely misses you. Natasha claws you!
* * * LOW HITPOINT WARNING * * *
Fire: a) +1 sling
Press: ? - help, Q - select action, (/) - cycle Shift-Dir - straight line, f/p - Natasha
Aim: Natasha (severely wounded, 53% to hit)
You shoot a sling bullet.
The sling bullet hits Natasha but does no damage.
Natasha is severely wounded.
The crimson imp closely misses you.
Natasha stares at you and mumbles some strange words.
The magic dart hits you!
* * * LOW HITPOINT WARNING * * *
The crimson imp hits you but does no damage.
Natasha misses you.
Fire: a) +1 sling
Press: ? - help, Q - select action, (/) - cycle Shift-Dir - straight line, f/p - Natasha
Aim: Natasha (severely wounded, 53% to hit)
You shoot a sling bullet.
The sling bullet closely misses Natasha.
The crimson imp hits you.
You die...

#...†....##..# #...#...#
#...##....#..##### ###.#.###
#...##...........#######...#
###.........#..###...........#
#....###...##....##########..#
#.#..###...##....# #..#
.....†..........<## #..#
..#.####.......5h.# #..# ..#.#
###.###.5@.# #..#### ..#.# #.#
##.#.#########...... ..#.#
##.## #.............#....
..#>#
##.#.###.#....########....
....#
#.###.....................
..###
##.#.#####.##.########.... ..#
#####.######.##.# #....
..####........(.#.##.# ###..
#.#...............##.# #..


You could see an iron imp (summoned), Natasha and a crimson imp (summoned).

Vanquished Creatures
  Jessica (D:2)
  Natasha (D:2)
  2 adders (D:2)
  A dart slug (D:2)
  7 bats (D:1)
  11 endoplasms
  5 giant cockroaches
  2 hobgoblins (D:1)
  2 quokkas (D:1)
  7 ball pythons
  2 frilled lizards (D:1)
  2 goblins (D:1)
  4 kobolds
  5 rats
52 creatures vanquished.

Notes
Turn   | Place    | Note
-------+----------+-------------------------------------------
     0 | D:1      | Twinkles the Gnoll Hexslinger began the quest for the Orb.
     0 | D:1      | Reached XP level 1. HP: 17/17 MP: 4/4
    84 | D:1      | Reached XP level 2. HP: 23/23 MP: 5/5
   322 | D:1      | Reached XP level 3. HP: 28/28 MP: 7/7
   422 | D:1      | Reached skill level 1 in Invocations
   605 | D:2      | Reached skill level 1 in Short Blades
   605 | D:2      | Reached skill level 1 in Long Blades
   605 | D:2      | Reached skill level 1 in Axes
   605 | D:2      | Reached skill level 1 in Maces & Flails
   605 | D:2      | Reached skill level 1 in Polearms
   605 | D:2      | Reached skill level 1 in Staves
   605 | D:2      | Reached skill level 1 in Throwing
   605 | D:2      | Reached skill level 1 in Armour
   605 | D:2      | Reached skill level 1 in Stealth
   605 | D:2      | Reached skill level 1 in Shields
   605 | D:2      | Reached skill level 1 in Unarmed Combat
   605 | D:2      | Reached skill level 1 in Evocations
   669 | D:2      | Reached XP level 4. HP: 34/34 MP: 8/8
   835 | D:2      | Noticed Natasha
   858 | D:2      | HP: 2/34 [Natasha/magic dart (10)]
   862 | D:2      | Killed Natasha
   863 | D:2      | Reached skill level 1 in Conjurations
   863 | D:2      | Reached skill level 1 in Summonings
   863 | D:2      | Reached skill level 1 in Necromancy
   863 | D:2      | Reached skill level 1 in Translocations
   863 | D:2      | Reached skill level 1 in Transmutations
   863 | D:2      | Reached skill level 1 in Fire Magic
   863 | D:2      | Reached skill level 1 in Ice Magic
   863 | D:2      | Reached skill level 1 in Air Magic
   863 | D:2      | Reached skill level 1 in Earth Magic
   863 | D:2      | Reached skill level 1 in Poison Magic
   876 | D:2      | Noticed Natasha
   888 | D:2      | HP: 3/34 [Natasha/magic dart (7)]
   897 | D:1      | HP: 5/34 [bat (1)]
  1167 | D:2      | Noticed Jessica
  1172 | D:2      | Killed Jessica
  1173 | D:2      | Reached XP level 5. HP: 40/40 MP: 9/9
  1297 | D:2      | HP: 9/40 [Natasha (7)]
  1298 | D:2      | HP: 1/40 [Natasha/magic dart (8)]
  1299 | D:2      | Slain by a crimson imp

Illustrated notes

Levels and vault maps discovered:
D:1:      minmay_arrival_doors, layout_rooms
D:2:      layout_loops_ring, minmay_worlds_worst_comb, uniq_natasha,
          uniq_jessica

Skill      XL: |  1  2  3  4 |
---------------+-------------+-----
Invocations    | 1 |  1.5
Short Blades   | 1 |  1.4
Long Blades    | 1 |  1.4
Axes           | 1 |  1.4
Maces & Flails | 1 |  1.4
Polearms       | 1 |  1.4
Staves         | 1 |  1.4
Throwing       | 1 |  1.4
Armour         | 1 |  1.4
Stealth        | 1 |  1.4
Shields        | 1 |  1.4
Unarmed Combat | 1 |  1.4
Evocations     | 1 |  1.4
Spellcasting   | 3 |  3.1
Conjurations   | 1 |  1.1
Summonings     | 1 |  1.1
Necromancy     | 1 |  1.1
Translocations | 1 |  1.1
Transmutations | 1 |  1.1
Fire Magic     | 1 |  1.1
Ice Magic      | 1 |  1.1
Air Magic      | 1 |  1.1
Earth Magic    | 1 |  1.1
Poison Magic   | 1 |  1.1
Fighting       | |  2.9
Ranged Weapons | |  4.7
Dodging        | |  4.7
Hexes          | |  5.5

Action                     |  1- 3 |  4- 6 || total
---------------------------+-------+-------++-------
   Fire: Sling             |   117 |    69 ||   186
   Cast: Slow              |       |     6 ||     6
 Armour: Robe              |     9 |     9 ||    18
  Dodge: Dodged            |    27 |    24 ||    51

Table legend: (Time is in decaauts)
 A = Elapsed time spent in this place.
 B = Non-inter-level travel time spent in this place.
 C = Inter-level travel time spent in this place.
 D = Time resting spent in this place.
 E = Time spent auto-exploring this place.
 F = Levels seen in this place.
 G = Mean time per level.
                   A        B        C        D        E       F      G
               +--------+--------+--------+--------+--------+-----+--------+
         Total |   1343 |   1301 |     42 |    110 |    861 |   2 |  671.5 |
       Dungeon |   1343 |   1301 |     42 |    110 |    861 |   2 |  671.5 |
               +--------+--------+--------+--------+--------+-----+--------+

Top non-repeatable levels by time:
     D:1: 674 daAuts
     D:2: 668 daAuts
